3AA
OTTAWA NATIONALS @ SALEM MISFITS
08/11/2022
 
TOP OF THE 1ST
Ottawa Nationals batting - Pitching for Salem Misfits : LHP Charles Dobson
Pitching: LHP Charles Dobson
Batting: RHB Francisco Morales 0-0: Called Strike
0-1: Ball
1-1: Foul Ball, location: 2F
1-2: Ground out 6-3 (Groundball, 6)
Batting: LHB Jerry Burnett 0-0: Called Strike
0-1: Swinging Strike
0-2: Foul Ball, location: 2F
0-2: Foul Ball, location: 2F
0-2: Fly out, F1 (Popup, 15S)
Batting: RHB Rodrigo Pagán 0-0: Called Strike
0-1: Swinging Strike
0-2: SOLO HOME RUN (Flyball, 8LXD) (Inside the Park)
Batting: RHB José Icaza 0-0: Ball
1-0: Ball
2-0: Foul Ball, location: 2F
2-1: Ground out 2-3 (Groundball, 2L)
Top of the 1st over - 1 run(s), 1 hit(s), 0 error(s), 0 left on base; Ottawa 1 - Salem 0
BOTTOM OF THE 1ST
Salem Misfits batting - Pitching for Ottawa Nationals : RHP Ángelo Cabrera
Pitching: RHP Ángelo Cabrera
Batting: SHB Emílio Gonzáles 0-0: Ball
1-0: Ball
2-0: Called Strike
2-1: Foul Ball, location: 2F
2-2: Foul Ball, location: 2F
2-2: Ball
3-2: Base on Balls
Batting: RHB Miguel Torres 0-0: Ball
1-0: Ball
2-0: Called Strike
Emílio Gonzáles steals 2nd base
2-1: Foul Ball, location: 2F
2-2: SINGLE (Line Drive, 6MD)
Emílio Gonzáles to third
Batting: RHB Steve Duncan 0-0: Ball
1-0: Fly out, F6 (Popup, 6MS)
Batting: RHB Luis Martínez 0-0: Foul Ball, location: 2F
0-1: Ball
1-1: Ball
2-1: Ball
3-1: Ground out 4-3 (Groundball, 4M)
Emílio Gonzáles scores
Miguel Torres to second
Batting: SHB Arturo Romero 0-0: SINGLE (Line Drive, 6M)
Miguel Torres to third
Batting: RHB Héctor Cantú 0-0: Called Strike
0-1: Ball
Pickoff Throw to First - Out!
Bottom of the 1st over - 1 run(s), 2 hit(s), 0 error(s), 0 left on base; Ottawa 1 - Salem 1
TOP OF THE 2ND
Ottawa Nationals batting - Pitching for Salem Misfits : LHP Charles Dobson
Batting: LHB Tony Ríos 0-0: Swinging Strike
0-1: Called Strike
0-2: Ball
1-2: Ball
2-2: Ball
3-2: Foul Ball, location: 2F
3-2: Base on Balls
Batting: RHB Luke Turner 0-0: Ball
1-0: Ball
2-0: Called Strike
2-1: Foul Ball, location: 2F
2-2: Ball
3-2: Foul Ball, location: 2F
3-2: Base on Balls
Tony Ríos to second
Batting: RHB Dirk Davis 0-0: Ball
1-0: Foul Ball, location: 2F
1-1: Foul Ball, location: 2F
1-2: Ball
2-2: Strikes out swinging
Batting: RHB Dan Curtis 0-0: Called Strike
0-1: Ball
1-1: Fly out, F9 (Flyball, 89D)
Runner from 2nd tags up, SAFE at 3rd, no throw
Batting: LHB Javier Hernández 0-0: Ball
1-0: Foul Ball, location: 2F
1-1: Foul Ball, location: 2F
1-2: Foul Ball, location: 2F
1-2: Ball
2-2: Foul Ball, location: 2F
2-2: Foul Ball, location: 2F
2-2: Strikes out swinging
Top of the 2nd over - 0 run(s), 0 hit(s), 0 error(s), 2 left on base; Ottawa 1 - Salem 1
BOTTOM OF THE 2ND
Salem Misfits batting - Pitching for Ottawa Nationals : RHP Ángelo Cabrera
Batting: RHB Héctor Cantú 0-0: Fly out, F7 (Line Drive, 78M)
Batting: RHB Jim Unknown 0-0: Bunted foul
0-1: Swinging Strike
0-2: Foul Ball, location: 2F
0-2: Foul Ball, location: 2F
0-2: Foul Ball, location: 2F
0-2: Ball
1-2: Ball
2-2: Strikes out swinging
Batting: RHB Jim Unknown 0-0: Called Strike
0-1: Ground out 5-3 (Groundball, 5S)
Bottom of the 2nd over - 0 run(s), 0 hit(s), 0 error(s), 0 left on base; Ottawa 1 - Salem 1
TOP OF THE 3RD
Ottawa Nationals batting - Pitching for Salem Misfits : LHP Charles Dobson
Batting: RHB Francisco Morales 0-0: Ball
1-0: Bunted foul
1-1: Called Strike
1-2: Strikes out swinging
Batting: LHB Jerry Burnett 0-0: Swinging Strike
0-1: Ball
1-1: Called Strike
1-2: Foul Ball, location: 2F
1-2: Ball
2-2: Strikes out swinging
Batting: RHB Rodrigo Pagán 0-0: Foul Ball, location: 2F
0-1: Foul Ball, location: 2F
0-2: Ball
1-2: Ground out 6-3 (Groundball, 6M)
Top of the 3rd over - 0 run(s), 0 hit(s), 0 error(s), 0 left on base; Ottawa 1 - Salem 1
BOTTOM OF THE 3RD
Salem Misfits batting - Pitching for Ottawa Nationals : RHP Ángelo Cabrera
Batting: SHB Jim Unknown 0-0: Called Strike
0-1: Called Strike
0-2: Fly out, F4 (Line Drive, 4)
Batting: SHB Emílio Gonzáles 0-0: Called Strike
0-1: Fly out, F8 (Flyball, 8RD)
Batting: RHB Miguel Torres 0-0: Ball
1-0: Ball
2-0: Ground out 4-3 (Groundball, 4)
Bottom of the 3rd over - 0 run(s), 0 hit(s), 0 error(s), 0 left on base; Ottawa 1 - Salem 1
TOP OF THE 4TH
Ottawa Nationals batting - Pitching for Salem Misfits : LHP Charles Dobson
Batting: RHB José Icaza 0-0: Ball
1-0: Ball
2-0: TRIPLE (Flyball, 89D)
Batting: LHB Tony Ríos 0-0: Called Strike
0-1: Swinging Strike
0-2: Ball
1-2: SINGLE (Line Drive, 3D)
José Icaza scores
Batting: RHB Luke Turner 0-0: Called Strike
0-1: Swinging Strike
0-2: Ball
1-2: Strikes out swinging
Batting: RHB Dirk Davis 0-0: Ball
1-0: Foul Ball, location: 2F
1-1: Ball
2-1: Foul Ball, location: 2F
2-2: Ball
3-2: Strikes out swinging
Tony Ríos steals 2nd base
Batter strikes out.
Batting: RHB Dan Curtis 0-0: Called Strike
0-1: Called Strike
0-2: Ball
1-2: Reached on error, E6 (Groundball, 6M)
Tony Ríos to third
Batting: LHB Javier Hernández 0-0: Ball
1-0: Called Strike
1-1: Ball
2-1: Foul Ball, location: 2F
2-2: Fly out, F7 (Flyball, 78S)
Top of the 4th over - 1 run(s), 2 hit(s), 1 error(s), 2 left on base; Ottawa 2 - Salem 1
BOTTOM OF THE 4TH
Salem Misfits batting - Pitching for Ottawa Nationals : RHP Ángelo Cabrera
Batting: RHB Steve Duncan 0-0: Ball
1-0: Called Strike
1-1: Ball
2-1: Called Strike
2-2: SINGLE (Groundball, 6MD)
Batting: RHB Luis Martínez 0-0: TRIPLE (Line Drive, 9LS)
Steve Duncan scores
Batting: SHB Arturo Romero 0-0: Swinging Strike
0-1: Foul Ball, location: 2F
0-2: Ball
1-2: Ball
2-2: Ground out 5-3 (Groundball, 56)
Luis Martínez scores
Batting: RHB Héctor Cantú 0-0: Swinging Strike
0-1: Swinging Strike
0-2: Ball
1-2: Ball
2-2: Ball
3-2: Strikes out swinging
Batting: RHB Jim Unknown 0-0: Called Strike
0-1: Called Strike
0-2: Fly out, F8 (Flyball, 8RM)
Bottom of the 4th over - 2 run(s), 2 hit(s), 0 error(s), 0 left on base; Ottawa 2 - Salem 3
TOP OF THE 5TH
Ottawa Nationals batting - Pitching for Salem Misfits : LHP Charles Dobson
Batting: RHB Francisco Morales 0-0: Ball
1-0: Foul Ball, location: 2F
1-1: Called Strike
1-2: Ball
2-2: SOLO HOME RUN (Line Drive, 7D), Distance : 376 ft
Batting: LHB Jerry Burnett 0-0: Ball
1-0: SINGLE (Groundball, 34S)
Batting: RHB Rodrigo Pagán 0-0: Foul Ball, location: 2F
0-1: Foul Ball, location: 2F
0-2: Ball
1-2: Foul Ball, location: 2F
1-2: Strikes out looking
Batting: RHB José Icaza 0-0: Called Strike
0-1: Ball
1-1: Ball
2-1: Foul Ball, location: 2F
2-2: Ball
3-2: Strikes out swinging
Batting: LHB Tony Ríos 0-0: Called Strike
0-1: Ball
1-1: Ball
2-1: Called Strike
2-2: Ball
3-2: TRIPLE (Line Drive, 89D)
Jerry Burnett scores
Pitching: RHP Alfredo Córdova
Batting: RHB Luke Turner 0-0: Called Strike
0-1: Ball
1-1: SINGLE (Groundball, 4M)
Tony Ríos scores
Batting: RHB Dirk Davis 0-0: Ball
1-0: Ball
2-0: Called Strike
2-1: Ball
3-1: Foul Ball, location: 2F
3-2: Foul Ball, location: 2F
3-2: Base on Balls
Luke Turner to second
Batting: RHB Dan Curtis 0-0: Called Strike
0-1: Ball
1-1: Called Strike
1-2: Foul Ball, location: 2F
1-2: SINGLE (Line Drive, 9S)
Luke Turner to third
Dirk Davis to second
Batting: LHB Javier Hernández 0-0: Ball
Wild Pitch!
Luke Turner scores
Dirk Davis to third
Dan Curtis to second
1-0: Foul Ball, location: 2F
1-1: Foul Ball, location: 2F
1-2: Ball
2-2: Fly out, F8 (Flyball, 8LM)
Top of the 5th over - 4 run(s), 5 hit(s), 0 error(s), 2 left on base; Ottawa 6 - Salem 3
BOTTOM OF THE 5TH
Salem Misfits batting - Pitching for Ottawa Nationals : RHP Ángelo Cabrera
Batting: RHB Jim Unknown 0-0: Fly out, F8 (Line Drive, 8LM)
Batting: SHB Jim Unknown 0-0: Called Strike
0-1: Ball
1-1: Ball
2-1: Called Strike
2-2: Foul Ball, location: 2F
2-2: Ball
3-2: Ground out 4-3 (Groundball, 34)
Batting: SHB Emílio Gonzáles 0-0: Foul Ball, location: 2F
0-1: Ball
1-1: Called Strike
1-2: Ball
2-2: Ground out U3 (Groundball, 3S)
Bottom of the 5th over - 0 run(s), 0 hit(s), 0 error(s), 0 left on base; Ottawa 6 - Salem 3
TOP OF THE 6TH
Ottawa Nationals batting - Pitching for Salem Misfits : RHP Alfredo Córdova
Batting: RHB Francisco Morales 0-0: Foul Ball, location: 2F
0-1: Ball
1-1: Ball
2-1: Called Strike
2-2: Ball
3-2: Base on Balls
Batting: LHB Jerry Burnett 0-0: Bunted foul
0-1: Sac Bunt - play at first, batter OUT! 1-4
Francisco Morales to second
Batting: RHB Rodrigo Pagán 0-0: Ball
1-0: Swinging Strike
1-1: Called Strike
1-2: Ball
2-2: SINGLE (Flyball, 8RS)
Francisco Morales to third
Throwing error, E8
Francisco Morales scores
Rodrigo Pagán to second
Batting: RHB José Icaza 0-0: Ball
1-0: Foul Ball, location: 2F
1-1: Ball
2-1: Called Strike
2-2: Strikes out swinging
Batting: LHB Tony Ríos 0-0: Fly out, F3 (Line Drive, 3L)
Top of the 6th over - 1 run(s), 1 hit(s), 1 error(s), 1 left on base; Ottawa 7 - Salem 3
BOTTOM OF THE 6TH
Salem Misfits batting - Pitching for Ottawa Nationals : RHP Ángelo Cabrera
Batting: RHB Miguel Torres 0-0: Ball
1-0: Ground out 6-3 (Groundball, 56)
Batting: RHB Steve Duncan 0-0: Fly out, F9 (Flyball, 89M)
Batting: RHB Luis Martínez 0-0: Ball
1-0: Ball
2-0: Ball
3-0: Base on Balls
Batting: SHB Arturo Romero 0-0: Ball
1-0: Ball
2-0: Called Strike
2-1: Ground out 3-1 (Groundball, 3)
Bottom of the 6th over - 0 run(s), 0 hit(s), 0 error(s), 1 left on base; Ottawa 7 - Salem 3
TOP OF THE 7TH
Ottawa Nationals batting - Pitching for Salem Misfits : RHP Alfredo Córdova
Batting: RHB Luke Turner 0-0: Ball
1-0: Foul Ball, location: 2F
1-1: Swinging Strike
1-2: Fly out, F7 (Flyball, 7D)
Batting: RHB Dirk Davis 0-0: Called Strike
0-1: Called Strike
0-2: SINGLE (Line Drive, 56)
Batting: RHB Dan Curtis 0-0: Fly out, F8 (Flyball, 8LM)
Batting: LHB Javier Hernández 0-0: Ball
1-0: Ground out 3-1 (Groundball, 3)
Top of the 7th over - 0 run(s), 1 hit(s), 0 error(s), 1 left on base; Ottawa 7 - Salem 3
BOTTOM OF THE 7TH
Salem Misfits batting - Pitching for Ottawa Nationals : RHP Ángelo Cabrera
Batting: RHB Héctor Cantú 0-0: Ball
1-0: SINGLE (Groundball, 6)
Batting: RHB Jim Unknown 0-0: Foul Ball, location: 2F
0-1: Called Strike
0-2: Strikes out swinging
Batting: RHB Jim Unknown 0-0: Ball
1-0: Called Strike
1-1: Ball
2-1: Swinging Strike
2-2: SINGLE (Line Drive, 89S)
Héctor Cantú to second
Batting: SHB Jim Unknown 0-0: Ball
1-0: Grounds into double play, 6-4-3 (Groundball, 6M)
Bottom of the 7th over - 0 run(s), 2 hit(s), 0 error(s), 1 left on base; Ottawa 7 - Salem 3
TOP OF THE 8TH
Ottawa Nationals batting - Pitching for Salem Misfits : RHP Alfredo Córdova
Batting: RHB Francisco Morales 0-0: Called Strike
0-1: Foul Ball, location: 2F
0-2: Ground out 5-3 (Groundball, 5)
Pitching: RHP Denny Norris
Batting: LHB Jerry Burnett 0-0: Ball
1-0: Ball
2-0: Ball
3-0: Called Strike
3-1: Base on Balls
Batting: RHB Rodrigo Pagán 0-0: Swinging Strike
0-1: Ball
1-1: Called Strike
1-2: TRIPLE (Line Drive, 89XD)
Jerry Burnett scores
Batting: RHB José Icaza 0-0: Foul Ball, location: 2F
0-1: Swinging Strike
0-2: Ball
1-2: Ball
2-2: Foul Ball, location: 2F
2-2: Strikes out swinging
Batting: LHB Tony Ríos 0-0: Fly out, F4 (Line Drive, 4)
Top of the 8th over - 1 run(s), 1 hit(s), 0 error(s), 1 left on base; Ottawa 8 - Salem 3
BOTTOM OF THE 8TH
Salem Misfits batting - Pitching for Ottawa Nationals : RHP Ángelo Cabrera
Batting: SHB Emílio Gonzáles 0-0: Ball
1-0: Foul Ball, location: 2F
1-1: Ground out 1-3 (Groundball, 15S)
Pitching: RHP John Ashley
Batting: RHB Miguel Torres 0-0: Ball
1-0: Ball
2-0: Foul Ball, location: 2F
2-1: Foul Ball, location: 2F
2-2: Ball
3-2: Fly out, F8 (Flyball, 8RM)
Batting: RHB Steve Duncan 0-0: Ball
1-0: Foul Ball, location: 2F
1-1: Ball
2-1: Swinging Strike
2-2: Ball
3-2: Reached on error, E6 (Groundball, 6)
Batting: RHB Luis Martínez 0-0: Foul Ball, location: 2F
0-1: Ball
1-1: Ball
2-1: Ball
3-1: Base on Balls
Steve Duncan to second
Batting: SHB Arturo Romero 0-0: Foul Ball, location: 2F
0-1: Foul Ball, location: 2F
0-2: Foul Ball, location: 2F
0-2: Hit by Pitch
Steve Duncan to third
Luis Martínez to second
Batting: RHB Héctor Cantú 0-0: Called Strike
0-1: Swinging Strike
Passed Ball!
Steve Duncan scores
Luis Martínez to third
Arturo Romero to second
0-2: Ball
1-2: Ball
2-2: Strikes out looking
Bottom of the 8th over - 1 run(s), 0 hit(s), 1 error(s), 2 left on base; Ottawa 8 - Salem 4
TOP OF THE 9TH
Ottawa Nationals batting - Pitching for Salem Misfits : RHP Denny Norris
Batting: RHB Luke Turner 0-0: Ball
1-0: Ground out 6-3 (Groundball, 6)
Batting: RHB Dirk Davis 0-0: Ball
1-0: Swinging Strike
1-1: Foul Ball, location: 2F
1-2: Strikes out swinging
Batting: RHB Dan Curtis 0-0: Ball
1-0: Ground out 6-3 (Groundball, 6M)
Top of the 9th over - 0 run(s), 0 hit(s), 0 error(s), 0 left on base; Ottawa 8 - Salem 4
BOTTOM OF THE 9TH
Salem Misfits batting - Pitching for Ottawa Nationals : RHP John Ashley
Batting: RHB Jim Unknown 0-0: Ball
1-0: Fly out, F3 (Popup, 3SF)
Batting: RHB Jim Unknown 0-0: Ball
1-0: Ball
2-0: Called Strike
2-1: Called Strike
2-2: Ground out 2-3 (Groundball, 25)
Batting: SHB Jim Unknown 0-0: Ball
1-0: Ground out 4-3 (Groundball, 4)
Bottom of the 9th over - 0 run(s), 0 hit(s), 0 error(s), 0 left on base; Ottawa 8 - Salem 4
This league is powered by Out of the Park Baseball, the baseball management simulation game for PC, Mac and Linux
Friday, April 15th, 2016 - OOTP Baseball 16.9 Build 39